 Dungeon Crawl Stone Soup version 0.21.1-1-g345015fe64 (webtiles) character file.

42 Iskender the Skirmisher (level 3, 0/35 HPs)
             Began as a Gnoll Wanderer on Feb 12, 2018.
             Slain by an orc
             ... wielding a +0 flail
              (2 damage)
             ... on level 2 of the Dungeon.
             The game lasted 00:12:18 (1002 turns).

Iskender the Skirmisher (Gnoll Wanderer)            Turns: 1002, Time: 00:12:19

Health: 0/35       AC:  3    Str: 12    XL:     3   Next: 56%
Magic:  1/7        EV: 11    Int: 17    God:
Gold:   5          SH:  0    Dex: 14    Spells: 4/7 levels left

rFire    . . .     SeeInvis .   a - +0 short sword
rCold    . . .     Gourm    .   (no shield)
rNeg     . . .     Faith    .   d - +0 robe
rPois    .         Spirit   .   (no helmet)
rElec    .         Reflect  .   q - +0 cloak
rCorr    .         Harm     .   (no gloves)
MR       .....                  (no boots)
Stlth    ++........             (no amulet)
HPRegen  0.11/turn              (no ring)
MPRegen  0.10/turn              (no ring)

@: no status effects
A: distributed training, fangs 1, strong nose
a: no special abilities


You were on level 2 of the Dungeon.
You were not hungry.

You visited 1 branch of the dungeon, and saw 2 of its levels.

You collected 5 gold pieces.

Inventory:

Hand Weapons
 a - a +0 short sword (weapon)
 b - a +0 quarterstaff
 g - a +0 antimagic dagger
 k - a +0 hand axe
 n - a +0 whip
Missiles
 e - 50 bolts
 h - 44 stones (quivered)
 r - 2 javelins
Armour
 d - a +0 robe (worn)
 m - a +0 leather armour
 q - a +0 cloak (worn)
Scrolls
 j - a scroll of identify
 l - a scroll of magic mapping
Books
 c - a book of Conjurations

   Spells                             Type                      Level
   a - Magic Dart                     Conjuration                  1
   b - Searing Ray                    Conjuration                  2
   c - Dazzling Spray                 Conjuration/Hexes            3
   d - Fulminant Prism                Conjuration/Hexes            4
   e - Force Lance                    Conjuration/Translocation    4
   f - Iskenderun's Mystic Blast      Conjuration                  4
Comestibles
 f - 3 rations
 i - 2 chunks of flesh


   Skills:
 + Level 6.5 Fighting
 + Level 4.5 Short Blades
 + Level 0.8 Long Blades
 + Level 0.8 Axes
 + Level 0.8 Maces & Flails
 + Level 0.8 Polearms
 + Level 0.8 Staves
 + Level 0.8 Slings
 + Level 0.8 Bows
 + Level 0.8 Crossbows
 + Level 0.8 Throwing
 + Level 0.8 Armour
 + Level 0.8 Dodging
 + Level 0.8 Stealth
 + Level 2.6 Shields
 + Level 0.8 Unarmed Combat
 + Level 2.8 Spellcasting
 + Level 2.1 Conjurations
 + Level 0.5 Hexes
 + Level 0.5 Charms
 + Level 0.5 Summonings
 + Level 0.5 Necromancy
 + Level 0.5 Translocations
 + Level 0.5 Transmutations
 + Level 0.5 Fire Magic
 + Level 0.5 Ice Magic
 + Level 0.5 Air Magic
 + Level 2.1 Earth Magic
 + Level 0.5 Poison Magic
 + Level 1.0 Invocations
 + Level 2.6 Evocations


You had 4 spell levels left.
You knew the following spells:

 Your Spells              Type           Power        Failure   Level  Hunger
a - Magic Dart            Conj           #...         8%          1    #......
Z - Searing Ray           Conj           #.....       11%         2    ##.....


Dungeon Overview and Level Annotations

Branches:
Dungeon (2/15)

Altars:


Innate Abilities, Weirdness & Mutations

Your experience applies equally to all skills.
You have very sharp teeth.
Your uncanny sense of smell can sniff out nearby items.


Message History

* * * LOW HITPOINT WARNING * * *
It was a potion of cancellation.
You feel magically purged.
Your magical contamination has completely faded away.
The orc wizard looks satisfied for a moment.
The orc wizard hits you with a dagger.
* * * LOW HITPOINT WARNING * * *
As you read the scroll labeled OKKU ZEUTTOFOMP, it crumbles to dust.
You feel strangely unstable.
It was a scroll of teleportation.
The orc wizard casts a spell at you. The puff of flame misses you.
The orc wizard misses you.
Your surroundings suddenly seem different.
An orc comes into view. It is wielding a flail.
A rat comes into view.
The orc wizard casts a spell at you. The puff of frost hits you!
* * * LOW HITPOINT WARNING * * *
The orc hits you with a flail.
You die...

..... ..... ......
...... ......#
........##
.........########
........@.#.....##
..r).....o.......##
..................#
##................#
...................#
..#.......o........#
..................#
..##................#
..##..............##


You could see an orc wizard, an orc and a rat.

Vanquished Creatures
  An adder (D:2)
  An orc (D:2)
  A ball python (D:1)
  6 bats (D:1)
  3 giant cockroaches (D:1)
  6 goblins
  3 hobgoblins (D:1)
  2 jackals
  A quokka (D:1)
  A frilled lizard (D:1)
  A kobold (D:1)
  2 rats (D:1)
28 creatures vanquished.

Notes
Turn   | Place    | Note
-------+----------+-------------------------------------------
     0 | D:1      | Iskender the Gnoll Wanderer began the quest for the Orb.
     0 | D:1      | Iskender set off with: a book of Conjurations, a +0 quarterstaff, a +0 short sword, a +0 robe, a ration
     0 | D:1      | Reached XP level 1. HP: 23/23 MP: 4/4
     2 | D:1      | Learned a level 1 spell: Magic Dart
   143 | D:1      | Reached XP level 2. HP: 29/29 MP: 0/5
   147 | D:1      | Learned a level 2 spell: Searing Ray
   698 | D:2      | Reached XP level 3. HP: 35/35 MP: 5/7
   949 | D:2      | Reached skill level 1 in Invocations
  1002 | D:2      | Slain by an orc

Skill      XL: |  1  2  3 |
---------------+----------+-----
Conjurations   | 2 |  2.1
Earth Magic    | 2 |  2.1
Invocations    | 1 |  1.0
Fighting       | |  6.5
Short Blades   | |  4.5
Long Blades    | |  0.8
Axes           | |  0.8
Maces & Flails | |  0.8
Polearms       | |  0.8
Staves         | |  0.8
Slings         | |  0.8
Bows           | |  0.8
Crossbows      | |  0.8
Throwing       | |  0.8
Armour         | |  0.8
Dodging        | |  0.8
Stealth        | |  0.8
Shields        | |  2.6
Unarmed Combat | |  0.8
Spellcasting   | |  2.8
Hexes          | |  0.5
Charms         | |  0.5
Summonings     | |  0.5
Necromancy     | |  0.5
Translocations | |  0.5
Transmutations | |  0.5
Fire Magic     | |  0.5
Ice Magic      | |  0.5
Air Magic      | |  0.5
Poison Magic   | |  0.5
Evocations     | |  2.6

Action                   || total
-------------------------++-------
Melee: Quarterstaff      ||    17
       Short sword       ||     7
       Bite              ||     2
       Dagger            ||     8
Throw: Stone             ||    20
 Cast: Magic Dart        ||    49
       Searing Ray       ||     3
  Use: Scroll            ||     2
       Potion            ||     1
 Stab: Sleeping          ||     1
  Eat: Chunk             ||     1
Armor: Robe              ||    12
Dodge: Dodged            ||    30
